 Dungeon Crawl Stone Soup version 0.30.1-4-g462c640d31 (webtiles) character file.

Game seed: 15614243295011882610

310 Graphine the Ruffian (level 6, -8/75 HPs)
             Began as a Draconian Transmuter on Aug 26, 2023.
             Killed by divine providence
             ... invoked by an orc priest
              (14 damage)
             ... on level 4 of the Dungeon.
             The game lasted 00:08:04 (2711 turns).

Graphine the Ruffian (Draconian Transmuter)         Turns: 2711, Time: 00:08:04

Health: -8/75      AC: 23    Str: 13    XL:     6   Next: 17%
Magic:  10/10      EV:  2    Int: 15    God:
Gold:   182        SH:  0    Dex: 11    Spells: 7/10 levels left

rFire   + . .        g - +4 dagger (flame)
rCold   . . .        (no shield)
rNeg    . . .        (body armour unavailable)
rPois   +            (helmet currently unavailable)
rElec   .            m - melded +2 cloak
rCorr   .            (gloves currently unavailable)
SInv    .            (boots currently unavailable)
Will    .....        i - amulet of the acrobat
Stlth   +            b - ring of protection from fire
HPRegen 0.32/turn    j - +5 ring of evasion
MPRegen 0.12/turn

%: acrobat
@: tree-form
A: stationary, stasis, torment immunity, boosted hp, AC +6, unfitting armour,
(cold-blooded)
a: no special abilities


You were on level 4 of the Dungeon.
You were a tree.
You visited 1 branch of the dungeon, and saw 4 of its levels.
You also visited: Sewer.

You collected 182 gold pieces.

Inventory:

Hand Weapons
 g - a +4 dagger of flaming (weapon)
Armour
 k - a +1 helmet of intelligence
 m - a +2 cloak (melded)
 x - a scarf of shadows
Jewellery
 b - a ring of protection from fire (left branch)
 d - a +6 ring of strength
 i - an amulet of the acrobat (around neck)
 j - a +5 ring of evasion (right branch)
 o - a ring of resist corrosion
 q - a ring of poison resistance
 u - the ring "Otetzul" {rN+ MP+9 Int+2 Dex+2 Slay-3}
   (You found it in a sewer)

   [ring of positive energy]

   Int:       It affects your intelligence (+2).
   Dex:       It affects your dexterity (+2).
   Slay:      It affects your accuracy & damage with ranged weapons and melee
   (-3).
   rN:        It protects you from negative energy.
   MP:        It affects your magic capacity (+9).
Scrolls
 f - a scroll of vulnerability
 s - 2 scrolls of identify
 v - a scroll of teleportation
 w - 3 scrolls of poison {unknown}
Potions
 a - 2 potions of lignification
 c - 2 potions of might
 e - 3 potions of brilliance {unknown}
 h - 2 potions of curing
 l - 2 potions of heal wounds {unknown}
 n - a potion of degeneration
 p - 2 potions of magic
 r - 2 potions of flight {unknown}
 t - a potion of haste {unknown}


   Skills:
 + Level 2.6 Fighting
 + Level 2.7 Dodging
 * Level 4.4 Unarmed Combat
 + Level 2.8 Spellcasting
 * Level 3.9 Transmutations


You had 7 spell levels left.
You knew the following spells:

 Your Spells              Type           Power      Damage    Failure   Level
a - Beastly Appendage     Tmut           26%        N/A       4%          1
b - Wereblood             Tmut           13%        N/A       6%          2

Your spell library contained the following spells:

 Spells                   Type           Power      Damage    Failure   Level
 Slow                     Hex            8%         N/A       21%         1
 Spider Form              Tmut/Pois      8%         N/A       26%         3
 Blink                    Tloc           4%         N/A       30%         2
 Ensorcelled Hibernation  Hex/Ice        4%         N/A       30%         2
 Confusing Touch          Hex            2%         N/A       52%         3
 Portal Projectile        Hex/Tloc       4%         N/A       52%         3
 Tukima's Dance           Hex            2%         N/A       52%         3
 Vampiric Draining        Necr           2%         2d6       52%         3
 Vhi's Electric Charge    Tloc/Air       4%         N/A       52%         3
 Ice Form                 Ice/Tmut       8%         N/A       65%         4
 Blade Hands              Tmut           6%         N/A       75%         5
 Anguish                  Hex/Necr       1%         N/A       90%         4
 Animate Dead             Necr           2%         N/A       90%         4
 Manifold Assault         Tloc           2%         N/A       90%         4
 Arcjolt                  Conj/Air       1%         1d11      99%         5
 Haunt                    Necr/Summ      1%         N/A       100%        7
 Storm Form               Tmut/Air       4%         N/A       100%        7
 Infestation              Necr           1%         N/A       100%        8
 Maxwell's Capacitive Co  Air            1%         ∞         100%        8


Dungeon Overview and Level Annotations

Branches:
Dungeon (4/15)              Sewer (visited)
 Temple: D:4-7

Altars:

Annotations:
D:4 Blork the orc


Innate Abilities, Weirdness & Mutations

You are a tree.
Your roots penetrate the ground, keeping you stationary.
You cannot be teleported.
You are immune to unholy pain and torment.
Your maximum health is greatly increased.
Your equipment is partially melded.
((Your plain brown scales are hard. (AC +6)))
You cannot fit into any form of body armour.
((You are cold-blooded and may be slowed by cold attacks.))


Message History

Blork the orc is moderately wounded.
Your primal bloodlust is almost over.
Blork the orc hits you with a +0 long sword.
The orc hits you from afar with a +0 trident of flaming.
* * * LOW HITPOINT WARNING * * *
You hit Blork the orc. You burn Blork the orc. Your punch misses Blork the orc.
Blork the orc is heavily wounded.
You creak as the wereblood boils in your veins!
Blork the orc barely misses you. The orc hits you but does no damage.
You closely miss Blork the orc.
Blork the orc is heavily wounded.
Blork the orc hits you with a +0 long sword.
* * * LOW HITPOINT WARNING * * *
The orc hits you but does no damage.
You hit Blork the orc. You burn Blork the orc.
Blork the orc is heavily wounded.
Blork the orc hits you but does no damage.
The orc hits you but does no damage.
Blork the orc points at you and mumbles some strange words.
The puff of frost hits you but does no damage.
You hit Blork the orc. You burn Blork the orc.
Blork the orc is severely wounded.
The orc hits you but does no damage. Blork the orc completely misses you.
The orc priest invokes the aid of Beogh against you.
Beogh smites you!
* * * LOW HITPOINT WARNING * * *
You hit Blork the orc. You burn Blork the orc.
Blork the orc is severely wounded.
The orc hits you but does no damage.
Blork the orc looks encouraged for a moment.
You hit Blork the orc. You burn Blork the orc.
Blork the orc is almost dead.
You creak as the wereblood boils in your veins!
Your primal bloodlust has ended.
Blork the orc points at you and mumbles some strange words.
The puff of frost hits you but does no damage.
The orc hits you but does no damage.
The orc priest invokes the aid of Beogh against you.
Beogh smites you!
You die...

#........#
#.....#..#
##.......##
#.....#..#
##.......#
#...#..##
#......#
#......##
####
#...##.♣###
#...
########oo#
# #.<.
##oS.# ..
#...


og..... ...###. #...##. .....## ....# ....... ....# #..... ....# #..... ....#
##.... You could see Blork the orc (fast), an orc priest, an adder, 2 orcs and a
hobgoblin.

Vanquished Creatures
  Pargi (Sewer)
  2 orc priests
  An orc wizard (D:3)
  5 adders
  A river rat (D:4)
  A worm (D:2)
  5 dart slugs
  3 orcs
  5 bats
  8 endoplasms
  4 giant cockroaches
  5 goblins
  5 hobgoblins
  6 kobolds
  A quokka (D:1)
  6 ball pythons
  3 frilled lizards
  9 rats
71 creatures vanquished.

Notes
Turn   | Place    | Note
-------+----------+-------------------------------------------
     0 | D:1      | Graphine the Draconian Transmuter began the quest for the
                  | Orb.
     0 | D:1      | Reached XP level 1. HP: 16/16 MP: 3/3
   497 | D:1      | Reached XP level 2. HP: 23/23 MP: 3/5
   506 | D:1      | Learned a level 2 spell: Wereblood
   609 | D:1      | Found a faded altar of an unknown god.
   832 | D:2      | Reached XP level 3. HP: 28/28 MP: 1/6
  1474 | D:3      | Reached XP level 4. HP: 36/36 MP: 3/7
  1499 | D:3      | Reached skill level 4 in Unarmed Combat
  2092 | D:4      | Reached XP level 5. HP: 41/41 MP: 8/8
  2308 | D:4      | Found a glowing drain.
  2324 | Sewer    | Entered a sewer
  2403 | Sewer    | Noticed Pargi
  2411 | Sewer    | Killed Pargi
  2412 | Sewer    | Reached XP level 6. HP: 50/50 MP: 4/10
  2430 | Sewer    | Identified the ring "Otetzul" {rN+ MP+9 Int+2 Dex+2 Slay-3}
  2686 | D:4      | Noticed Blork the orc
  2711 | D:4      | Killed from afar by an orc priest

Illustrated notes

Levels and vault maps discovered:
D:1:      ncdulo_watergridlock, layout_loops_ring,
          shapermc_ecumenical_altar_pompeii
D:2:      layout_rooms, kennysheep_generic_room_7
D:3:      layout_basic
D:4:      layout_cave_pods, portal_sewer_entry_e, grunt_ministairs_12,
          minmay_misc_feat_more_columns, uniq_blork_the_orc

Skill      XL: |  1  2  3  4 |
---------------+-------------+-----
Dodging        | 2 |  2.7
Transmutations | 3 |  3.9
Fighting       | 2 |  2.6
Unarmed Combat | 4 |  4.4
Spellcasting   | |  2.8

Action                     |  1- 3 |  4- 6 || total
---------------------------+-------+-------++-------
  Melee: Unarmed           |    56 |       ||    56
         Kick              |     9 |    16 ||    25
         Headbutt          |    11 |    10 ||    21
         Tailslap          |     3 |     5 ||     8
         Punch             |     1 |       ||     1
         Dagger            |    23 |    99 ||   122
   Cast: Beastly Appendage |    21 |    16 ||    37
         Wereblood         |     7 |    12 ||    19
    Use: Scroll            |     2 |     7 ||     9
         Potion            |       |     1 ||     1
   Stab: Sleeping          |       |     2 ||     2
 Armour: Skin              |    20 |    37 ||    57
  Dodge: Dodged            |    50 |    89 ||   139
